 Dungeon Sprint DCSS version 0.26.1-2-gb8aa6d0cf2 (webtiles) character file.

Game seed: 10707047476165351292

4137 Groucho the Unseen (level 10, -3/44 HPs)
             Began as a Spriggan Enchanter on Mar 16, 2021.
             Was an Elder of Uskayaw.
             Slain by a spriggan rider
             ... wielding a +0 spear
              (17 damage)
             ... in the Dungeon (Sprint IV: "Fedhas' Mad Dash") on Mar 17, 2021.
             The game lasted 00:06:36 (2885 turns).

Groucho the Unseen (Spriggan Enchanter)             Turns: 2885, Time: 00:06:37

Health: -3/44      AC:  4    Str:  7    XL:     10   Next: 7%
Magic:  23/26      EV: 26    Int: 17    God:    Uskayaw [****..]
Gold:   165        SH:  0    Dex: 17    Spells: 19/32 levels left

rFire    . . .     SeeInvis +   a - +1 dagger
rCold    . . .     Faith    .   (shield restricted)
rNeg     . . .     Spirit   .   b - +0 robe
rPois    .         Reflect  .   (helmet restricted)
rElec    .         Harm     .   d - +1 cloak {Will+}
rCorr    .         Rampage  .   (gloves unavailable)
Will     ++...     NoTele   +   (boots unavailable)
Stlth    +++++++...             h - amulet of invisibility {+Inv}
HPRegen  0.14/turn              (no ring)
MPRegen  0.20/turn              (no ring)

@: confusing touch, very slightly contaminated, very quick
A: very small, unfitting armour, see invisible, speed 3
a: Renounce Religion, Evoke Invisibility, Stomp, Line Pass


You were in the Dungeon.
You worshipped Uskayaw.
Uskayaw was aware of your devotion.
You visited 1 branch You collected 165 gold pieces.

Inventory:

Hand Weapons
 a - a +1 dagger (weapon)
Missiles
 j - 18 poisoned darts
Armour
 b - a +0 robe (worn)
 d - a +1 cloak of willpower (worn)
Jewellery
 h - the amulet of invisibility (around neck) {+Inv}
   (You found it in the Dungeon)

   [amulet of nothing]

   It lets you turn invisible.
Scrolls
 c - a scroll of amnesia {unknown}
 i - a scroll of blinking
 k - a scroll of fog {unknown}
 l - a scroll of remove curse {unknown}
 m - a scroll of identify {unknown}
Potions
 e - a potion of heal wounds
 f - a potion of haste
 g - 2 potions of magic


   Skills:
 + Level 7.5 Short Blades
 + Level 10.1 Dodging
 + Level 19.9 Stealth
 + Level 11.8 Spellcasting
 + Level 12.1 Hexes
 + Level 9.4 Invocations


You had 19 spell levels left.
You knew the following spells:

 Your Spells              Type           Power        Failure   Level
a - Corona                Hex            55%          1%          1
b - Ensorcelled Hibernat  Hex/Ice        60%          1%          2
c - Confusing Touch       Hex            50%          1%          3
d - Tukima's Dance        Hex            50%          1%          3
e - Dazzling Flash        Conj/Hex       60%          1%          3
f - Apportation           Tloc           20%          7%          1

Your spell library contained the following spells:

 Spells                   Type           Power        Failure   Level
 Animate Skeleton         Necr           20%          7%          1
 Summon Small Mammal      Summ           40%          7%          1


Dungeon Overview and Level Annotations

Branches:
Dungeon (1/1)

Altars:
Cheibriados
Dithmenos
Elyvilon
Gozag
Hepliaklqana
Kikubaaqudgha
Makhleb
Nemelex Xobeh
Okawaru
Qazlal
Ru
Sif Muna
Trog
Uskayaw
Vehumet
Wu Jian
Xom
Yredelemnul
Zin
The Shining One
Beogh
Jiyva
Lugonu

Shops:
D (


Innate Abilities, Weirdness & Mutations

You are very small and have problems with some larger weapons.
You are too small for most types of armour.
You have supernaturally acute eyesight. (SInv)
You cover ground extremely quickly.


Message History

Things that are here:
a +0 rapier; a +0 robe; a +0 buckler
There is an open door here.
Uskayaw prepares the audience for your solo!
There is an open door here.
The spriggan rider is no longer paralysed.
The spriggan rider hits you with a +0 spear!
There is an open door, spattered with blood here.
Casting: Confusing Touch (safe; 1% risk of failure)
Confirm with . or Enter, or press ? or * to list all spells.
Aiming: Ensorcelled Hibernation (safe; 1% risk of failure)
Press: ? - help, Shift-Dir - straight line, f - spriggan rider
Aim: a spriggan rider, wielding a +0 spear (chance to affect: 4%)
Okay, then.
Casting: Ensorcelled Hibernation (safe; 1% risk of failure)
Confirm with . or Enter, or press ? or * to list all spells.
Your hands begin to glow red.
The spriggan is no longer paralysed.
The spriggan hits you with a +2 vampiric short sword!
The spriggan rider hits you with a +0 spear!
You die...

####### .⌠.#..+ _..'..#
+# ...#..# $####
_..#.)# ....#
.⌠.############
####...∩#
########....).###i....♣
##.'..'.....()'.@i.)♣
#..#..#.P.....#######
##.##+##.P....# ...#
######## ####


You could see a spriggan rider and a spriggan.

Vanquished Creatures
  A spriggan druid (D)
  6 oklob plants (D)
  A demonic crawler (D)
  A wandering mushroom (D)
  2 burning bushes (D)
  A queen bee (D)
  A spriggan (D)
  4 killer bees (D)
  5 oklob saplings (D)
  A worker ant (D)
  A river rat (D)
  A rat (D)
25 creatures vanquished.

Vanquished Creatures (others)
  A ballistomycete spore (D)
1 creature vanquished.

Grand Total: 26 creatures vanquished

Notes
Turn   | Place    | Note
-------+----------+-------------------------------------------
     0 | D        | Groucho the Spriggan Enchanter began the quest for the Orb.
     0 | D        | Reached XP level 1. HP: 9/9 MP: 5/5
    22 | D        | Reached skill level 8 in Stealth
    22 | D        | Reached XP level 2. HP: 11/13 MP: 6/6
   460 | D        | Noticed an oklob sapling
   461 | D        | Killed an oklob sapling
   462 | D        | Reached skill level 10 in Stealth
   462 | D        | Reached XP level 3. HP: 16/16 MP: 8/8
   464 | D        | Found the amulet of invisibility {+Inv}
   466 | D        | Reached skill level 12 in Stealth
   487 | D        | Found an opulent altar of Gozag.
   487 | D        | Found a hazy altar of Hepliaklqana.
   487 | D        | Found a roughly hewn altar of Beogh.
   487 | D        | Found a snail-covered altar of Cheibriados.
   488 | D        | Found a viscous altar of Jiyva.
   488 | D        | Found a burning altar of Makhleb.
   488 | D        | Found a sparkling altar of Nemelex Xobeh.
   488 | D        | Found a sacrificial altar of Ru.
   488 | D        | Found a shimmering blue altar of Sif Muna.
   488 | D        | Found a bloodstained altar of Trog.
   488 | D        | Found an ornate altar of the Wu Jian Council.
   488 | D        | Found a shimmering altar of Xom.
   488 | D        | Found a basalt altar of Yredelemnul.
   488 | D        | Noticed an oklob sapling priest
   489 | D        | Found an iron altar of Okawaru.
   489 | D        | Found a shadowy altar of Dithmenos.
   489 | D        | Found a glowing silver altar of Zin.
   490 | D        | Found an ancient bone altar of Kikubaaqudgha.
   490 | D        | Found a hide-covered altar of Uskayaw.
   491 | D        | Found a stormy altar of Qazlal.
   491 | D        | Found a white marble altar of Elyvilon.
   491 | D        | Found a glowing golden altar of the Shining One.
   492 | D        | Found a corrupted altar of Lugonu.
   492 | D        | Found a radiant altar of Vehumet.
   495 | D        | Killed an oklob sapling priest
   496 | D        | Reached XP level 4. HP: 21/21 MP: 6/10
   499 | D        | Became a worshipper of Uskayaw the Reveller
   754 | D        | Reached * piety under Uskayaw
   755 | D        | Reached skill level 13 in Stealth
   755 | D        | Reached skill level 5 in Hexes
   755 | D        | Reached skill level 1 in Invocations
   755 | D        | Reached XP level 5. HP: 24/24 MP: 8/12
  1274 | D        | Noticed a queen bee
  1287 | D        | Reached ** piety under Uskayaw
  1288 | D        | Reached skill level 5 in Spellcasting
  1290 | D        | Reached *** piety under Uskayaw
  1291 | D        | Killed a queen bee
  1292 | D        | Reached skill level 15 in Stealth
  1292 | D        | Reached XP level 6. HP: 28/28 MP: 13/17
  1292 | D        | Reached **** piety under Uskayaw
  1298 | D        | Reached skill level 16 in Stealth
  1298 | D        | Reached skill level 5 in Invocations
  1298 | D        | Reached XP level 7. HP: 31/32 MP: 14/18
  1299 | D        | Reached ***** piety under Uskayaw
  2089 | D        | Noticed an oklob plant
  2092 | D        | Killed an oklob plant
  2093 | D        | Reached skill level 17 in Stealth
  2104 | D        | Noticed a burning bush
  2107 | D        | Killed a burning bush
  2108 | D        | Reached skill level 18 in Stealth
  2108 | D        | Reached XP level 8. HP: 36/36 MP: 20/22
  2370 | D        | Learned a level 2 spell: Ensorcelled Hibernation
  2374 | D        | Learned a level 3 spell: Confusing Touch
  2377 | D        | Noticed a burning bush
  2377 | D        | Noticed an oklob plant
  2378 | D        | Noticed a wandering mushroom
  2379 | D        | Killed a burning bush
  2380 | D        | Reached skill level 5 in Dodging
  2380 | D        | Reached skill level 10 in Hexes
  2384 | D        | Killed an oklob plant
  2385 | D        | Reached skill level 10 in Spellcasting
  2388 | D        | Killed a wandering mushroom
  2389 | D        | Reached skill level 5 in Short Blades
  2389 | D        | Reached XP level 9. HP: 39/39 MP: 22/24
  2647 | D        | Noticed a spriggan druid
  2648 | D        | Killed a spriggan druid
  2649 | D        | Reached skill level 19 in Stealth
  2664 | D        | Noticed an oklob plant conjurer
  2665 | D        | Killed an oklob plant conjurer
  2676 | D        | Learned a level 3 spell: Tukima's Dance
  2680 | D        | Learned a level 3 spell: Dazzling Flash
  2682 | D        | Learned a level 1 spell: Apportation
  2853 | D        | Noticed an oklob plant
  2853 | D        | Noticed an oklob plant summoner
  2854 | D        | Noticed an oklob plant shifter
  2858 | D        | Killed an oklob plant
  2860 | D        | Killed an oklob plant summoner
  2863 | D        | Killed an oklob plant shifter
  2868 | D        | Noticed a demonic crawler
  2870 | D        | Killed a demonic crawler
  2871 | D        | Reached skill level 10 in Dodging
  2871 | D        | Reached XP level 10. HP: 44/44 MP: 26/26
  2872 | D        | Noticed a spriggan rider
  2873 | D        | Found Ygirch's Weapon Emporium.
  2885 | D        | Slain by a spriggan rider

Illustrated notes

Levels and vault maps discovered:
D:        dungeon_sprint_fedhas [sprint_temple]

Skill      XL: |  1  2  3  4  5  6  7  8  9 |
---------------+----------------------------+-----
Stealth        | 8 10 12 13 15 16 18 19 | 19.9
Short Blades   | 2 5 7 |  7.5
Dodging        | 4 7 10 | 10.1
Spellcasting   | 3 4 7 9 10 11 | 11.8
Hexes          | 4 5 7 9 10 12 | 12.1
Invocations    | 1 4 5 6 7 9 |  9.4

Action                   |  1- 3 |  4- 6 |  7- 9 | 10-12 || total
-------------------------+-------+-------+-------+-------++-------
Melee: Dagger            |    10 |    15 |    27 |     1 ||    53
 Cast: Confusing Touch   |       |       |     1 |     1 ||     2
       Apportation       |       |       |     1 |       ||     1
 Abil: Evoke Invisibilit |     1 |     3 |     4 |       ||     8
  Use: Potion            |     1 |       |     1 |       ||     2
 Stab: Sleeping          |     4 |     2 |    12 |     1 ||    19
       Invisible         |       |     4 |       |       ||     4
       Paralysed         |       |     1 |       |       ||     1
Armor: Robe              |       |       |     1 |       ||     1
Dodge: Dodged            |     2 |    30 |    20 |       ||    52
